AoeStats
← DUNCAN

Arabia

509154342Analyzed
1v1 RM · 7d ago on Sep 25, 2026· 44m 52s· 2 players
Game mode
Random Map
Map size
Tiny (2 player)
Population
200
Speed
Normal
Resources
Standard
Victory
Conquest
Starting age
Dark Age
Ending age
Imperial Age
RankedLock teamsTeams togetherTeam positionsShared explorationLock speedFull tech treeHidden civsTurbo modeCheats
Victory
Defeat
🇦🇷 Magyars · Argentina
845
+16
🇦🇷 Aztecs · Argentina
836
-16
Spooky Polkha
8:31 Loom
10:51 Feudal Age
16:12 Town Watch
19:33 Double-Bit Axe
20:48 Scale Mail Armor
21:37 Forging
28:50 Castle Age
32:10 Fletching
43:41 Horse Collar
DUNCAN
5:11 Loom
8:57 Feudal Age
10:14 Double-Bit Axe
13:46 Horse Collar
19:41 Castle Age
18:39 Fletching
21:40 Bow Saw
21:13 Horse Collar
27:58 Careening
27:47 Murder Holes
31:34 Wheelbarrow
32:32 Heavy Plow
33:06 Husbandry
33:17 Bloodlines
36:29 Bodkin Arrow
38:47 Scale Barding Armor
42:07 Imperial Age
41:31 Ballistics
41:19 Padded Archer Armor
42:52 Hand Cart
42:22 Town Watch
42:46 Scale Barding Armor
42:52 Thumb Ring
43:14 Parthian Tactics
42:52 Corvinian Army
44:10 Heavy Cavalry Archer
Connection lost

Rejoining the realm…

Still unreachable

The connection could not be restored.

Session expired

The server has moved on; the page needs a fresh start.